 Dungeon Crawl Stone Soup version 0.29.1-15-g9cfb28693d (webtiles) character file.

Game seed: 16191520109419119401

18 hawla the Firebug (level 3, 0/26 HPs)
             Began as a Meteoran Fire Elementalist on Feb 21, 2023.
             Shot with a sling bullet by a goblin (5 damage)
             ... on level 2 of the Dungeon.
             The game lasted 00:00:54 (106 turns).

hawla the Firebug (Meteoran Fire Elementalist)       Turns: 106, Time: 00:00:55

Health: 0/26       AC:  2    Str:  9    XL:     3   Next: 5%
Magic:  8/8        EV: 13    Int: 18    God:
Gold:   10         SH:  0    Dex: 15    Spells: 4/7 levels left

rFire   . . .      SeeInvis .   (no weapon)
rCold   . . .      Faith    .   (no shield)
rNeg    . . .      Spirit   .   a - +0 robe
rPois   .          Reflect  .   (no helmet)
rElec   .          Harm     .   (no cloak)
rCorr   .          Rampage  .   (no gloves)
Will    .....                   (no boots)
Stlth   +.........              (no amulet)
HPRegen 0.08/turn               (no ring)
MPRegen 0.11/turn               (no ring)

@: glowing
A: sense surroundings 1, otherworldly, glowing, explore regen
a: no special abilities


You were on level 2 of the Dungeon.
You visited 1 branch of the dungeon, and saw 2 of its levels.

You collected 10 gold pieces.

Inventory:

Armour
 a - a +0 robe (worn)


   Skills:
 + Level 2.7 Dodging
 - Level 1.4 Stealth
 + Level 2.9 Spellcasting
 + Level 1.3 Conjurations
 + Level 4.3 Fire Magic


You had 4 spell levels left.
You knew the following spells:

 Your Spells              Type           Power      Damage    Failure   Level
a - Foxfire               Conj/Fire      48%        2x1d6     4%          1
b - Scorch                Fire           36%        2d6       4%          2

Your spell library contained the following spells:

 Spells                   Type           Power      Damage    Failure   Level
 Conjure Flame            Conj/Fire      12%        6-21      16%         3
 Inner Flame              Hex/Fire       10%        N/A       21%         3
 Flame Wave               Conj/Fire      12%        2d6       45%         4


Dungeon Overview and Level Annotations

Branches:
Dungeon (2/15) Zot: 1093

Altars:

Annotations:
D:2 Jessica, Terence


Innate Abilities, Weirdness & Mutations

You passively map a small area around you.
You are easily found by Zot.
You glow in the dark.
You regain HP and MP as you explore.


Message History

The foxfire hits the gnoll.
The gnoll is heavily wounded.
The foxfire hits the adder.
You kill the adder!
The gnoll hits you from afar with a +0 spear!
You have reached level 3!
Your experience leads to an increase in your attributes!
Increase (S)trength, (I)ntelligence, or (D)exterity?
You feel clever. x2; You feel agile.
The gnoll hits you from afar with a +0 spear!
* * * LOW HITPOINT WARNING * * *
The rat misses you. The rat attacks as you move away! The rat bites you.
* * * LOW HITPOINT WARNING * * *
A rat comes into view.
The rat moves out of view.
A goblin comes into view. It is wielding a +0 dagger.
Found a scroll labelled XAWUJY JUDGHARPH.
The goblin unwields a +0 dagger.
The goblin wields a +0 sling.
The goblin shoots a sling bullet.
The sling bullet hits you but does no damage.
Magic courses through your body. The rat barely misses you.
The gnoll hits you from afar with a +0 spear.
* * * LOW HITPOINT WARNING * * *
Found a leather armour and a coppery potion.
Jessica casts a spell.
Jessica seems to speed up.
The rat attacks as you move away! The rat barely misses you.
The rat attacks as you move away! The rat barely misses you.
Found 3 poisoned darts.
The goblin shoots a sling bullet.
The sling bullet hits you but does no damage.
Found 10 gold pieces.
The goblin shoots a sling bullet.
The sling bullet misses you.
The goblin shoots a sling bullet.
The sling bullet hits you.
* * * LOW HITPOINT WARNING * * *
The gnoll closely misses you. The rat bites you.
* * * LOW HITPOINT WARNING * * *
Jessica casts a spell.
Jessica blinks!
The goblin shoots a sling bullet.
The sling bullet hits you.
You die...

, , * , #* *......$# ,
, *.# #.......# * . ##.
#.......# * .. ..
#......?. * * ... .#
#....g..# * .... )#
#.......# ..... , .###
#...#.#.###...... ...#
* #....r.@....... ,
...#
#####...§r..###.... *
...###..[....@g...# . ,
....<...........#.[!#
...##..#.#......##(..#
* ** *
...##.##.##.....#..#...
,
...##.##.#........###..
, ##.##.#............
.. ,,,
#.#..#..#.)......#. ,


You could see Terence, a gnoll, a goblin and 2 rats.

Vanquished Creatures
  An adder (D:2)
  A dart slug (D:2)
  A ball python (D:1)
  An endoplasm (D:2)
  2 goblins
6 creatures vanquished.

Vanquished Creatures (others)
  17 foxfires
17 creatures vanquished.

Grand Total: 23 creatures vanquished

Notes
Turn   | Place    | Note
-------+----------+-------------------------------------------
     0 | D:1      | hawla the Meteoran Fire Elementalist began the quest for
                  | the Orb.
     0 | D:1      | Reached XP level 1. HP: 14/14 MP: 5/5
    19 | D:1      | Found a faded altar of an unknown god.
    75 | D:2      | Reached skill level 4 in Fire Magic
    75 | D:2      | Reached XP level 2. HP: 20/20 MP: 3/6
    78 | D:2      | Learned a level 2 spell: Scorch
    90 | D:2      | Noticed Jessica
    95 | D:2      | Noticed Terence
    97 | D:2      | Reached XP level 3. HP: 13/26 MP: 0/8
   106 | D:2      | Shot with a sling bullet by a goblin

Illustrated notes

Levels and vault maps discovered:
D:1:      minmay_arrival_doors, layout_basic, ebering_ecumenical_altar_box
D:2:      layout_rooms, minmay_tetromino_t4, uniq_jessica, uniq_terence

Skill      XL: |  1 |
---------------+----+-----
Fire Magic     | 4 |  4.3
Dodging        | |  2.7
Stealth        | |  1.4
Spellcasting   | |  2.9
Conjurations   | |  1.3

Action                   || total
-------------------------++-------
Melee: Unarmed           ||     1
 Cast: Foxfire           ||     9
       Scorch            ||     1
  Use: Potion            ||     1
Armor: Robe              ||     2
Dodge: Dodged            ||     7
